 Dungeon Crawl Stone Soup version 0.31-a0-229-g1fc7ce93e2 (webtiles) character file.

Game seed: 15554622845966277131

143 qw the Shooter (level 5, 0/30 HPs)
             Began as a Gargoyle Hexslinger on July 6, 2023.
             Slain by a cerulean imp
             ... wielding a +0 spear
             ... summoned by Natasha
              (2 damage)
             ... on level 2 of the Dungeon.
             The game lasted 00:00:49 (1825 turns).

qw the Shooter (Gargoyle Hexslinger)                Turns: 1825, Time: 00:00:49

Health: 0/30       AC:  9    Str: 11    XL:     5   Next: 25%
Magic:  6/6        EV: 10    Int: 14    God:
Gold:   133        SH:  0    Dex: 14    Spells: 5/6 levels left

rFire   . . .        Y - +1 sling
rCold   . . .        (no shield)
rNeg    + . .        f - +0 ring mail
rPois   inf          (no helmet)
rElec   +            (no cloak)
rCorr   .            (no gloves)
SInv    .            (no boots)
Will    .....        (no amulet)
Stlth   +            (no ring)
HPRegen 0.25/turn    (no ring)
MPRegen 0.10/turn

%: no passive effects
@: slowed, very slow
A: sickness immunity, AC +4, negative energy resistance 1, electricity
resistance, torment resistance 1, petrification resistance
a: no special abilities


You were on level 2 of the Dungeon.
You visited 1 branch of the dungeon, and saw 2 of its levels.

You collected 133 gold pieces.


Innate Abilities, Weirdness & Mutations

You are immune to sickness and miasma.
Your stone body is resilient. (AC +4)
You are immune to poison.
You resist negative energy. (rN+)
You are resistant to electric shocks. (rElec)
You are resistant to unholy torment.
You are immune to petrification.


   Skills:
 - Level 2.1 Fighting
 - Level 5.0 Ranged Weapons
 + Level 0.0 Armour
 - Level 1.5 Dodging
 - Level 1.0 Spellcasting
 - Level 2.6 Hexes


You had 5 spell levels left.
You knew the following spells:

 Your Spells              Type           Power      Damage    Failure   Level
a - Slow                  Hex            32%        N/A       22%         1

Your spell library contained the following spells:

 Spells                   Type           Power      Damage    Failure   Level
 Inner Flame              Hex/Fire       4%         N/A       73%         3
 Portal Projectile        Hex/Tloc       8%         N/A       73%         3
 Cause Fear               Hex            4%         N/A       91%         4

Inventory:

Hand Weapons
 Y - a +1 sling (weapon)
Armour
 c - a +0 robe
 f - a +0 ring mail (worn)
Scrolls
 a - a scroll of torment {unknown}
 e - 2 scrolls of teleportation {unknown}
 g - a scroll of revelation {unknown}
Potions
 b - a potion of enlightenment {unknown}
 d - a potion of brilliance {unknown}
 i - a potion of curing {unknown}

Dungeon Overview and Level Annotations

Branches:
Dungeon (2/15)

Altars:

Annotations:
D:2 Natasha


Message History

The cerulean imp hits you but does no damage.
Natasha barely misses you.
The cerulean imp hits you but does no damage.
Natasha misses you.
You shoot a sling bullet. The sling bullet hits Natasha.
Natasha is severely wounded.
Natasha claws you.
The cerulean imp hits you but does no damage.
Natasha casts a spell at you. The magic dart hits you.
The cerulean imp closely misses you.
Natasha stares at you and mumbles some strange words.
You resist with some effort.
You shoot a sling bullet. The sling bullet misses Natasha.
The sling bullet misses the cerulean imp.
Natasha barely misses you.
The cerulean imp hits you but does no damage.
Natasha claws you. The cerulean imp barely misses you.
Natasha casts a spell at you.
The magic dart hits you but does no damage.
You shoot a sling bullet.
The sling bullet hits Natasha but does no damage.
Natasha is severely wounded.
Natasha claws you. The cerulean imp barely misses you.
Natasha completely misses you. The cerulean imp completely misses you.
Natasha casts a spell at you.
You feel as though you will be slow longer.
You shoot a sling bullet. The sling bullet hits Natasha.
Natasha is almost dead.
The cerulean imp disappears in a puff of smoke!
Natasha misses you. Natasha barely misses you.
You shoot a sling bullet. The sling bullet misses Natasha.
Natasha claws you but does no damage.
Natasha mumbles some strange words.
Natasha barely misses you.
You shoot a sling bullet. The sling bullet barely misses Natasha.
Natasha claws you.
Natasha stares at you and mumbles some strange words.
The magic dart hits you.
The cerulean imp hits you from afar with a +0 spear.
You die...

.###.## #.#######.####
......######.##### #.#
...........%.....# #.#
.............###.# #.#
......##.###.# #.# #.#
......##.###.# #.# #.#
.#..###...##.# #.# #.#
##..##.#.#.#.###h###.###
.......>......5.@......#
...###.#.#.#########.#.#
...# ##..............#.#
...#
##.###########.#.##########
...# #.# #.#...........
#..# #.# #.############
...#####.###########.#
#.###................#
.........#############


You could see Natasha (fast) and a cerulean imp (summoned).

Vanquished Creatures
  Natasha (twice) (D:2)
  4 adders (D:2)
  A worm (D:2)
  A dart slug (D:1)
  A ball python (D:2)
  5 bats
  7 endoplasms
  6 goblins
  8 hobgoblins
  2 jackals (D:1)
  4 quokkas
  2 frilled lizards
  4 kobolds
  4 rats
51 creatures vanquished.

Notes
Turn   | Place    | Note
-------+----------+-------------------------------------------
     0 | D:1      | qw the Gargoyle Hexslinger began the quest for the Orb.
     0 | D:1      | Reached XP level 1. HP: 12/12 MP: 2/2
     0 | D:1      | 0 ||| qw: Version: 0.3-a-46-gb1f654a
     0 | D:1      | 0 ||| qw: Game counter: 1442
     0 | D:1      | 0 ||| qw: Melee chars always use a shield: true
     0 | D:1      | 0 ||| qw: God list: Okawaru
     0 | D:1      | 0 ||| qw: Allow faded altars: false
     0 | D:1      | 0 ||| qw: Do Orc after clearing Dungeon:15 true
     0 | D:1      | 0 ||| qw: Do second Lair branch before Depths: true
     0 | D:1      | 0 ||| qw: Lair rune preference: random
     0 | D:1      | 0 ||| qw: Goals: Normal
     0 | D:1      | 0 ||| PLANNING D:1-11
    99 | D:1      | Reached XP level 2. HP: 16/16 MP: 3/3
   247 | D:1      | Reached skill level 3 in Ranged Weapons
   424 | D:1      | Reached XP level 3. HP: 10/21 MP: 4/4
   670 | D:1      | Found a faded altar of an unknown god.
  1017 | D:1      | 1017 ||| DROPPING amulet of magic regeneration.
  1018 | D:1      | 1018 ||| READING scroll labelled JOZOIHUIMI.
  1019 | D:1      | 1019 ||| READING scroll labelled TEMAIPHIJOMOB.
  1020 | D:1      | 1020 ||| READING scroll labelled DUT VAYVUOSIWK.
  1021 | D:1      | 1021 ||| READING 4 scrolls labelled QEBUXZ QURO.
  1022 | D:1      | 1022 ||| DRINKING 2 blue potions.
  1023 | D:1      | 1023 ||| DROPPING scroll of poison.
  1024 | D:1      | 1024 ||| DROPPING 3 scrolls of amnesia.
  1258 | D:2      | Reached XP level 4. HP: 26/26 MP: 5/5
  1331 | D:2      | Reached skill level 4 in Ranged Weapons
  1338 | D:2      | Noticed Natasha
  1348 | D:2      | HP: 2/26 [Natasha (5)]
  1349 | D:2      | 1349 ||| DRINKING potion of heal wounds.
  1355 | D:2      | Killed Natasha
  1589 | D:2      | Reached XP level 5. HP: 30/30 MP: 6/6
  1622 | D:2      | Noticed Natasha
  1631 | D:2      | Killed Natasha
  1632 | D:2      | Reached skill level 5 in Ranged Weapons
  1800 | D:2      | 1800 ||| UPGRADING to +0 ring mail.
  1805 | D:2      | Noticed Natasha
  1815 | D:2      | HP: 6/30 [cerulean imp/+1 spear[Natasha] (4)]
  1815 | D:2      | HP: 2/30 [Natasha (4)]
  1816 | D:2      | 1816 ||| DRINKING potion of heal wounds.
  1822 | D:2      | HP: 7/30 [Natasha (6)]
  1825 | D:2      | HP: 3/30 [Natasha (5)]
  1825 | D:2      | Slain by a cerulean imp

Levels and vault maps discovered:
D:1:      wheals_arrival_linesprint, layout_loops_ring, serial_rivers,
          chequers_serial_rivers_micro_c, chequers_serial_rivers_micro_e,
          chequers_serial_rivers_micro_a, chequers_serial_rivers_small_b,
          chequers_serial_rivers_micro_b,
          hellmonk_ecumenical_altar_inner_sanctum
D:2:      layout_loops_ring, uniq_natasha

Skill      XL: |  1  2  3  4  5 |
---------------+----------------+-----
Ranged Weapons | 3 4 5 |  5.0
Fighting       | 2 |  2.1
Dodging        | |  1.5
Spellcasting   | |  1.0
Hexes          | |  2.6

Action                     |  1- 3 |  4- 6 || total
---------------------------+-------+-------++-------
   Fire: Sling             |   116 |   109 ||   225
    Use: Scroll            |     4 |       ||     4
         Potion            |     1 |     2 ||     3
 Armour: Robe              |    19 |    20 ||    39
         Ring mail         |       |    17 ||    17
  Dodge: Dodged            |    36 |    65 ||   101

Table legend:
 A = Non-vault XP
 B = Vault XP
 C = Vault XP percentage of total XP
 D = Non-vault monster count
 E = Vault monster count
 F = Vault count percentage of total count
                 A         B        C        D         E       F
            +---------+---------+-------+---------+---------+-------
      Total |     169 |      36 |  17.6 |      50 |       1 |   2.0
            +---------+---------+-------+---------+---------+-------
        D:1 |      45 |       0 |   0.0 |      25 |       0 |   0.0
        D:2 |     124 |      36 |  22.5 |      25 |       1 |   3.8
            +---------+---------+-------+---------+---------+-------
